Kradschützen Motorcycle Team
Selects Battlefield Espionage Battlegroup
Selects Sector Subterfuge Beacon
Construct Light Support Kompanie
Construct Mechanized Kompanie
Selects 250/3 Funkpanzerwagen
Marder III Tank Destroyer
Selects Anti-Tank Incendiary Munitions
Construct Panzerarmee Kommand
Construct Panzerarmee Kommand
Selects Operation Skorpion
Pak 38 Anti-tank Gun Team